 Dungeon Crawl Stone Soup version 0.14-a0-1773-ge500af7 (webtiles) character file.

267 Mitsuki the Ruinous (level 4, -1/24 HPs)
             Began as a Deep Elf Conjurer on Jan 7, 2014.
             Killed by divine providence
             ... invoked by an orc priest
              (13 damage)
             ... on Level 3 of the Dungeon.
             The game lasted 00:11:08 (2480 turns).

Mitsuki the Ruinous (Deep Elf Conjurer)             Turns: 2480, Time: 00:11:08

HP  -1/24        AC  2     Str  6      XL: 4   Next: 79%
MP   0/13        EV 13     Int 20      God:
Gold 144         SH  0     Dex 15      Spells:  2 memorised,  4 levels left

rFire  . . .     SeeInvis .     (no weapon)
rCold  . . .     Clarity  .     a - +0 elf robe
rNeg   . . .     Conserve .     (no shield)
rPois  .         rCorr    .     (no helmet)
rElec  .         rRot     .     (no cloak)
SustAb . .       Spirit   .     (no gloves)
rMut   .         Warding  .     (no boots)
Saprov . . .     Stasis   .     (no amulet)
                                (no ring)
                                (no ring)

@: very slightly contaminated, slightly resistant to hostile enchantments,
fairly stealthy
A: no striking features
a: no special abilities


You were on level 3 of the Dungeon.
You were not hungry.

You visited 1 branch of the dungeon, and saw 3 of its levels.

You collected 144 gold pieces.

Inventory:

Armour
 a - a +0 elven robe (worn)
 n - a +0 robe
Magical devices
 k - a wand of magic darts (7)
Comestibles
 b - 3 bread rations
Scrolls
 d - 2 scrolls of identify
 e - a scroll of fear {unknown}
 f - a scroll of recharging {unknown}
 g - 2 scrolls of magic mapping {unknown}
 h - 2 scrolls of remove curse {unknown}
 i - a scroll of enchant weapon I {unknown}
 j - a scroll of noise {unknown}
 l - a scroll of enchant armour {unknown}
 m - 2 scrolls of teleportation {unknown}
 o - 3 scrolls of curse armour {unknown}
Books
 c - a book of Conjurations

   Spells                             Type                      Level
   *Magic Dart                        Conjuration                  1
   Searing Ray                        Conjuration                  2
   Dazzling Spray                     Conjuration/Hexes            3
   Iskenderun's Mystic Blast          Conjuration                  4
   *Iskenderun's Battlesphere         Conjuration/Charms           4
   Fulminant Prism                    Conjuration/Hexes            5


   Skills:
 - Level 2.4 Dodging
 - Level 2.4 Stealth
 - Level 3.0 Spellcasting
 + Level 6.7 Conjurations
 * Level 1.1 Charms
 - Level 0.2 Evocations


You had 4 spell levels left.
You knew the following spells:

 Your Spells              Type           Power        Failure   Level  Hunger
a - Magic Dart            Conj           ####         1%          1    None
b - Iskenderun's Battles  Conj/Chrm      ###.....     30%         4    ####...


Dungeon Overview and Level Annotations

Branches:
Dungeon (3/16)

Altars:
Yredelemnul
the Shining One


Message History

a club; a bat corpse The orc priest invokes the aid of Beogh against you.
Pain shoots through your body!
You see here a cursed ring of hunger.
Casting: Magic Dart
Confirm with . or Enter, or press ? or * to list all spells.
Aiming: Magic Dart
Press: ? - help, Shift-Dir - straight line, f - orc priest
Aim: an orc priest, wielding an orcish morningstar (almost dead)
The magic dart hits the orc priest.
You kill the orc priest!
Your Charms skill increases to level 1!
The orc priest unwields an uncursed orcish war axe.
The orc priest drops an uncursed orcish war axe.
The orc priest picks up an orcish morningstar.
The orc priest wields an orcish morningstar.
The orc priest invokes the aid of Beogh against you.
Something smites you!
Ouch! That really hurt!
You die...

#.###.# #.# ##...... ......o.
.). ....... ###.#.#.### #.#
#..... .......o..# #.# #....
..........# #.# #..#
.......!..##########.####..#####
...............)....>..........#
#######.########....(.#.[......#
#.########@.....#........#
#.o.....=................##
##########......#..........
#.................
#......#........##
########........# ##########


You could see an orc priest.

Vanquished Creatures
  An orc priest (D:3)
  2 adders
  A worm (D:3)
  2 giant geckos (D:2)
  4 oozes
  5 orcs (D:3)
  8 bats
  3 giant cockroaches (D:1)
  6 goblins
  7 hobgoblins
  6 kobolds
  A quokka (D:3)
  A ball python (D:1)
  A giant newt (D:2)
  4 rats
  A plant (D:2)
53 creatures vanquished.

Notes
Turn   | Place    | Note
--------------------------------------------------------------
     0 | D:1      | Mitsuki, the Deep Elf Conjurer, began the quest for the Orb.
     0 | D:1      | Reached XP level 1. HP: 10/10 MP: 5/5
   197 | D:1      | Reached XP level 2. HP: 15/15 MP: 4/8
   277 | D:1      | Reached skill level 5 in Conjurations
   831 | D:2      | Reached XP level 3. HP: 19/19 MP: 6/10
  1297 | D:2      | Found a glowing golden altar of the Shining One.
  1298 | D:2      | Noticed an angel
  1302 | D:2      | Found a basalt altar of Yredelemnul.
  1357 | D:2      | Noticed a profane servitor
  2084 | D:3      | Reached skill level 6 in Conjurations
  2117 | D:3      | Reached XP level 4. HP: 24/24 MP: 6/13
  2123 | D:3      | Learned a level 4 spell: Iskenderun's Battlesphere
  2478 | D:3      | Reached skill level 1 in Charms
  2480 | D:3      | Killed from afar by an orc priest

Action                   |  1- 3 |  4- 6 || total
-------------------------+-------+-------++-------
Melee: Unarmed           |   272 |       ||   272
 Cast: Magic Dart        |    88 |    39 ||   127
       Iskenderun's Batt |       |     1 ||     1
Evoke: Wand              |     6 |       ||     6
  Use: Potion            |     1 |       ||     1
       Scroll            |       |     1 ||     1
